 Dungeon Crawl Stone Soup version 0.31-a0-1183-gd88bbb8b4d (webtiles) character file.

Game seed: 3282645074667853544

275 qw the Shooter (level 6, -3/38 HPs)
             Began as a Gargoyle Hunter on Dec 11, 2023.
             Slain by Edmund
             ... wielding a +2 flail of protection
              (6 damage)
             ... on level 4 of the Dungeon.
             The game lasted 00:00:58 (2611 turns).

qw the Shooter (Gargoyle Hunter)                    Turns: 2611, Time: 00:00:58

Health: -3/38      AC:  9    Str: 14    XL:     6   Next: 24%
Magic:  6/6        EV: 10    Int: 10    God:
Gold:   184        SH:  0    Dex: 15    Spells: 5/5 levels left

rFire   + . .        a - +0 shortbow
rCold   . . .        (shield currently unavailable)
rNeg    + . .        g - +0 ring mail
rPois   inf          (no helmet)
rElec   +            (no cloak)
rCorr   .            (no gloves)
SInv    .            (no boots)
Will    .....        c - amulet of the acrobat
Stlth   +            d - ring of protection from fire
HPRegen 0.26/turn    (no ring)
MPRegen 0.10/turn

%: acrobat
@: no status effects
A: sickness immunity, AC +4, negative energy resistance 1, electricity
resistance, torment resistance 1, petrification resistance
a: no special abilities


You were on level 4 of the Dungeon.
You visited 1 branch of the dungeon, and saw 4 of its levels.

You collected 184 gold pieces.


Innate Abilities, Weirdness & Mutations

You are immune to sickness and miasma.
Your stone body is resilient. (AC +4)
You are immune to poison.
You resist negative energy. (rN+)
You are resistant to electric shocks. (rElec)
You are resistant to unholy torment.
You are immune to petrification.


   Skills:
 - Level 4.0 Fighting
 + Level 6.5 Ranged Weapons
 - Level 1.1 Armour
 - Level 1.5 Dodging
 - Level 1.1 Stealth


You had 5 spell levels left.
You didn't know any spells.
Your spell library was empty.

Inventory:

Hand Weapons
 a - a +0 shortbow (weapon)
Armour
 g - a +0 ring mail (worn)
Jewellery
 c - an amulet of the acrobat (around neck)
 d - a ring of protection from fire (left hand)
Wands
 b - a wand of flame (21)
Scrolls
 h - 2 scrolls of identify
Potions
 e - 2 potions of mutation
 f - a potion of curing
 i - a potion of invisibility {unknown}

Dungeon Overview and Level Annotations

Branches:
Dungeon (4/15)
 Temple: D:4-7

Altars:
Dithmenos
Fedhas
Ru

Shops:
D:1 (

Annotations:
D:4 Edmund


Message History

You shoot an arrow. The arrow barely misses Edmund.
Edmund hits you but does no damage.
You shoot an arrow. The arrow hits Edmund.
Edmund is lightly wounded.
Edmund hits you but does no damage. x2
You shoot an arrow. The arrow hits Edmund!
Edmund is moderately wounded.
Edmund hits you with a +2 flail of protection.
You shoot an arrow.
The arrow hits Edmund but does no damage.
Edmund is moderately wounded.
Edmund hits you with a +2 flail of protection.
You shoot an arrow.
The arrow hits Edmund but does no damage.
Edmund is moderately wounded.
Edmund hits you with a +2 flail of protection.
You shoot an arrow.
The arrow hits Edmund but does no damage.
Edmund is moderately wounded.
Edmund hits you with a +2 flail of protection.
You shoot an arrow. The arrow closely misses Edmund.
Edmund hits you with a +2 flail of protection.
You shoot an arrow.
The arrow hits Edmund but does no damage.
Edmund is moderately wounded.
Edmund hits you with a +2 flail of protection. x2
You shoot an arrow. The arrow closely misses Edmund.
Edmund hits you but does no damage.
You shoot an arrow. The arrow hits Edmund!
Edmund is heavily wounded.
Edmund hits you with a +2 flail of protection.
You shoot an arrow.
The arrow hits Edmund but does no damage.
Edmund is heavily wounded.
Edmund hits you but does no damage.
You shoot an arrow. The arrow closely misses Edmund.
Edmund hits you but does no damage.
Edmund hits you with a +2 flail of protection.
You die...
Edmund says, "That'll show my brother!"

#)##.# #.# #.).)# #
###### .# #### #.#
###+#####.# ...###.#
#.........#
##.#...#####.........#
.).........'.......?.#
##......####..)......#
#'....[.# #....@@)..#
##......# #.........#
#......# #.........#
#####'## #............
#.# #........###. #.#
########## #.# #.# #.#


You could see Edmund.

Vanquished Creatures
  An ogre (D:3)
  An orc priest (D:4)
  Jessica (D:3)
  4 gnolls (D:4)
  4 adders
  A dart slug (D:1)
  3 orcs
  4 bats
  6 endoplasms
  A giant cockroach (D:1)
  2 hobgoblins (D:2)
  3 jackals (D:1)
  2 quokkas (D:1)
  3 ball pythons
  2 frilled lizards (D:1)
  8 goblins
  7 kobolds
  3 rats
56 creatures vanquished.

Notes
Turn   | Place    | Note
-------+----------+-------------------------------------------
     0 | D:1      | qw the Gargoyle Hunter began the quest for the Orb.
     0 | D:1      | Reached XP level 1. HP: 12/12 MP: 1/1
     0 | D:1      | 0 ||| qw: Version: 0.3-a-106-g2cfff9e
     0 | D:1      | 0 ||| qw: Game counter: 2086
     0 | D:1      | 0 ||| qw: Melee chars always use a shield: true
     0 | D:1      | 0 ||| qw: God list: Okawaru
     0 | D:1      | 0 ||| qw: Allow faded altars: false
     0 | D:1      | 0 ||| qw: Do Orc after clearing Dungeon:15 true
     0 | D:1      | 0 ||| qw: Do second Lair branch before Depths: true
     0 | D:1      | 0 ||| qw: Lair rune preference: random
     0 | D:1      | 0 ||| qw: Goals: Normal, Save, Zot:1-4, Win
     0 | D:1      | 0 ||| PLANNING D:1-11
   174 | D:1      | Found a faded altar of an unknown god.
   212 | D:1      | Reached XP level 2. HP: 17/17 MP: 2/2
   214 | D:1      | Found Resio's Weapon Boutique.
   228 | D:1      | 228 ||| SHOPLISTING +4 shortbow "Xubog" {drain, rElec
                  | Stlth+} (590 gold, have 18).
   647 | D:1      | Reached XP level 3. HP: 21/21 MP: 3/3
   849 | D:1      | 849 ||| UPGRADING to +0 ring mail.
   859 | D:1      | 859 ||| DROPPING +0 leather armour.
   860 | D:1      | 860 ||| READING 4 scrolls labelled DAOPNA KECRE.
   860 | D:1      | 860 ||| IDENTIFYING bubbling amethyst potion
   861 | D:1      | 861 ||| READING 3 scrolls of identify.
   861 | D:1      | 861 ||| IDENTIFYING scroll labelled QAUVOUBAIZ
   862 | D:1      | 862 ||| READING 2 scrolls of identify.
   862 | D:1      | 862 ||| IDENTIFYING scroll labelled CEPEUN REZOYS
   863 | D:1      | 863 ||| READING scroll of identify.
   863 | D:1      | 863 ||| IDENTIFYING scroll labelled BIFFAALIGGUDD
   864 | D:1      | 864 ||| DROPPING scroll of butterflies.
   865 | D:1      | 865 ||| DROPPING potion of berserk rage.
   866 | D:1      | 866 ||| DROPPING scroll of vulnerability.
   867 | D:1      | 867 ||| DROPPING scroll of noise.
   868 | D:1      | 868 ||| DROPPING scroll of fear.
   950 | D:2      | Reached skill level 1 in Armour
  1065 | D:2      | Reached skill level 5 in Ranged Weapons
  1114 | D:2      | You fall into a shaft and drop 2 floors!
  1160 | D:4      | 1160 ||| RETREEAATING.
  1161 | D:4      | 1161 ||| STILL RETREEAATING.
  1165 | D:4      | 1165 ||| Stepping ~*~*~tactically~*~*~ (retreating).
  1166 | D:4      | 1166 ||| Stepping ~*~*~tactically~*~*~ (retreating).
  1167 | D:4      | 1167 ||| Stepping ~*~*~tactically~*~*~ (retreating).
  1170 | D:4      | 1170 ||| Stepping ~*~*~tactically~*~*~ (retreating).
  1171 | D:4      | 1171 ||| Stepping ~*~*~tactically~*~*~ (retreating).
  1173 | D:4      | Reached skill level 3 in Fighting
  1173 | D:4      | Reached XP level 4. HP: 11/28 MP: 4/4
  1176 | D:4      | HP: 6/28 [gnoll/+0 spear (6)]
  1177 | D:4      | 1177 ||| DRINKING smoky ruby potion.
  1288 | D:4      | 1288 ||| UPGRADING to ring of protection from fire.
  1289 | D:4      | 1289 ||| READING scroll of identify.
  1289 | D:4      | 1289 ||| IDENTIFYING orange potion
  1290 | D:4      | 1290 ||| READING scroll labelled LUEDEO SOACEG.
  1382 | D:3      | Found a shadowy altar of Dithmenos.
  1456 | D:3      | Noticed an ogre
  1467 | D:3      | Killed an ogre
  1468 | D:3      | Reached skill level 6 in Ranged Weapons
  1468 | D:3      | Reached XP level 5. HP: 31/32 MP: 5/5
  1561 | D:3      | Noticed Jessica
  1563 | D:3      | Killed Jessica
  1685 | D:3      | Found a sacrificial altar of Ru.
  1694 | D:3      | Reached XP level 6. HP: 35/38 MP: 6/6
  1714 | D:3      | 1714 ||| READING scroll of identify.
  1714 | D:3      | 1714 ||| IDENTIFYING smoky sapphire potion
  1715 | D:3      | 1715 ||| DROPPING potion of ambrosia.
  2045 | D:2      | 2045 ||| UPGRADING to amulet of the acrobat.
  2050 | D:2      | 2050 ||| READING scroll labelled KIDAUCATHE.
  2389 | D:3      | Found a blossoming altar of Fedhas.
  2420 | D:3      | 2420 ||| READING scroll of identify.
  2420 | D:3      | 2420 ||| IDENTIFYING smoky cyan potion
  2587 | D:4      | Noticed Edmund
  2605 | D:4      | HP: 8/38 [Edmund/+2 flail of protection (3)]
  2609 | D:4      | HP: 2/38 [Edmund/+2 flail of protection (2)]
  2611 | D:4      | Slain by Edmund

Levels and vault maps discovered:
D:1:      saegor_arrival_fortress, layout_basic, serial_shops,
          nicolae_square_shop, hellmonk_ecumenical_altar_run_dry
D:2:      layout_basic
D:3:      layout_loops_cross, mainiacjoe_overflow_six_doors_small,
          mainiacjoe_overflow_24_doors, mainiacjoe_overflow_alcove_4,
          hangedman_decor_points, uniq_jessica
D:4:      layout_basic, tso_altar, led_xom_imps, uniq_natasha, uniq_edmund,
          uniq_duvessa, uniq_sigmund

Skill      XL: |  1  2  3  4  5  6 |
---------------+-------------------+-----
Armour         | 1 |  1.1
Ranged Weapons | 5 6 |  6.5
Fighting       | 3 4 |  4.0
Dodging        | |  1.5
Stealth        | |  1.1

Action                     |  1- 3 |  4- 6 || total
---------------------------+-------+-------++-------
   Fire: Shortbow          |    87 |   123 ||   210
    Use: Scroll            |     4 |     5 ||     9
         Potion            |       |     1 ||     1
 Armour: Leather armour    |    21 |       ||    21
         Ring mail         |    12 |    51 ||    63
  Dodge: Dodged            |    21 |    29 ||    50

Table legend:
 A = Non-vault XP
 B = Vault XP
 C = Vault XP percentage of total XP
 D = Non-vault monster count
 E = Vault monster count
 F = Vault count percentage of total count
                 A         B        C        D         E       F
            +---------+---------+-------+---------+---------+-------
      Total |     356 |      37 |   9.4 |      55 |       1 |   1.8
            +---------+---------+-------+---------+---------+-------
        D:1 |      35 |       0 |   0.0 |      21 |       0 |   0.0
        D:2 |      29 |       0 |   0.0 |      10 |       0 |   0.0
        D:3 |     183 |      37 |  16.8 |      14 |       1 |   6.7
        D:4 |     109 |       0 |   0.0 |      10 |       0 |   0.0
            +---------+---------+-------+---------+---------+-------
